[Event "*** Titled Tuesday Blitz"]
[Site "Chess.com"]
[Date "2021.02.02"]
[Round "11"]
[White "Homino"]
[Black "chessmadara"]
[Result "1/2-1/2"]
[WhiteElo "2287"]
[BlackElo "2160"]
[TimeControl "180+1"]
[EndTime "12:06:11 PST"]
[Termination "Game drawn by repetition"]

1. e4 c5 2. Nf3 d6 3. d4 cxd4 4. Nxd4 Nf6 5. Nc3 g6 6. Be3 Bg7 7. f3 Nc6 8. Qd2 O-O 9. O-O-O d5 10. Kb1 e5 11. Nxc6 bxc6 12. exd5 cxd5 13. Nxd5 Nxd5 14. Qxd5 Qc7 15. Qxa8 Bf5 16. Qxf8+ Bxf8 17. Bd3 Be6 18. Be4 Qa5 19. b3 f5 20. Bd3 Bg7 21. Bd2 Qa3 22. Bc1 Qc5 23. Bb2 a5 24. a4 e4 25.
fxe4 Bxb2 26. Kxb2 fxe4 27. Bb5 Qe5+ 28. Kb1 Qc3 29.
Rhe1 Bxb3 30. cxb3 Qxb3+ 31. Kc1 Qc3+ 32. Kb1 Qb3+ 33.
Kc1 Qc3+ 34. Kb1 Qb3+ 1/2-1/2

[Event "*** Titled Tuesday Blitz"]
[Site "Chess.com"]
[Date "2021.02.02"]
[Round "11"]
[White "Djager97"]
[Black "DenLaz"]
[Result "0-1"]
[WhiteElo "2598"]
[BlackElo "2820"]
[TimeControl "180+1"]
[EndTime "12:06:12 PST"]
[Termination "DenLaz won by checkmate"]

1. e4 e5 2. Nf3 Nc6 3. d4 exd4 4.
Nxd4 Bc5 5. Nb3 Bb6 6. Qe2 d6 7. Nc3 Nf6 8. Be3 Be6 9. O-O-O Qe7 10. g3 O-O-O 11. Bxb6 axb6 12. Bg2 Rhe8 13. Rhe1 Nd7 14. f4 f6 15. Qb5 Nc5 16. Nd5 Qf7 17. Nxc5 dxc5 18.
Qa4 Kb8 19. Kb1 f5 20. Nc3 Rd4 21. Qa3 Red8 22. Rxd4 Nxd4 23. Qa4 Qh5 24. h3 Qf7 25. a3 h5 26. exf5 Bxf5 27. Be4 Qg6 28. Bxf5 Qxf5 29. Re8 Rxe8 30. Qxe8+ Qc8 31. Qxh5 Qe6 32. Qe5 Qxh3 33. Qxg7 Qf1+ 34. Ka2 Nxc2 35. Qg8+ Ka7 36. Qb3 Qa1# 0-1

[Event "*** Titled Tuesday Blitz"]
[Site "Chess.com"]
[Date "2021.02.02"]
[Round "11"]
[White "Grimlock_Glasgow"]
[Black "oogee"]
[Result "0-1"]
[WhiteElo "2473"]
[BlackElo "2369"]
[TimeControl "180+1"]
[EndTime "12:06:13 PST"]
[Termination "oogee won by resignation"]

1. e4 c5 2. Nc3 g6 3. d4 Bg7 4. dxc5 Nf6 5. Be3 Qa5 6. Qd2 Na6 7. f3 O-O 8. a3 d6 9. cxd6 Rd8 10. Nb5 Qxd2+ 11. Bxd2 exd6 12. O-O-O d5 13. e5 Nd7 14. f4 f6 15. e6 Ndc5 16. f5 gxf5 17. Nd4 Nxe6 18.
Nxf5 Bf8 19. Nf3 Nac5 20. N3d4 Nxd4 21. Nxd4 Bg4 22. Re1 Ne4 23. Be3 Rac8 24. Bd3 Nc5 25. Kb1 Nxd3 26. cxd3 Bc5 27. Rhf1 Rd6 28. Nf5 Bxf5 29.
Bxc5 Bxd3+ 30. Ka1 Rxc5 0-1

[Event "*** Titled Tuesday Blitz"]
[Site "Chess.com"]
[Date "2021.02.02"]
[Round "11"]
[White "fridaywins"]
[Black "Andrakhanova"]
[Result "1/2-1/2"]
[WhiteElo "2164"]
[BlackElo "2267"]
[TimeControl "180+1"]
[EndTime "12:06:17 PST"]
[Termination "Game drawn by repetition"]

1. e4 c5 2. Nf3 e6 3. d3 b6 4. Nbd2 Bb7 5. g3 d5 6. Bg2 Nd7 7. O-O g6 8. c4 dxe4 9. dxe4 Bg7 10.
Re1 Ne7 11. Qc2 O-O 12. Rb1 h6 13. b3 Qc7 14. Bb2 Ne5 15. Nxe5 Bxe5 16. Nf3 Bxb2 17. Qxb2 Nc6 18. Qf6 Qe7 19. Qf4 Kg7 20. e5 Rad8 21. h4 Nd4 22. Rbd1 Bxf3 23. Bxf3 Rd7 24. Kg2 Rfd8 25. Qe4 h5 26. Qf4 Nf5 27. Rxd7 Qxd7 28. Rd1 Qc7 29. Rxd8 Qxd8 30. Be4 Qd4 31. Bxf5 Qxf4 32.
gxf4 gxf5 33. Kf3 Kf8 34. Ke3 Ke7 35. Kd3 Kd7 36. Ke3 Kc6 37. Kd3 b5 38. Kc3 a6 39. a3 Kb6 40. b4 cxb4+ 41. axb4 bxc4 42.
Kxc4 Kc6 43. Kd4 Kb5 44. Kc3 Ka4 45. Kc4 Ka3 46. Kc3 Ka4 47. Kc4 Ka3 48. Kc3 Ka4 1/2-1/2

[Event "*** Titled Tuesday Blitz"]
[Site "Chess.com"]
[Date "2021.02.02"]
[Round "11"]
[White "chescomhuynya"]
[Black "MilosJi"]
[Result "0-1"]
[WhiteElo "2513"]
[BlackElo "2660"]
[TimeControl "180+1"]
[EndTime "12:06:20 PST"]
[Termination "MilosJi won by resignation"]

1. d4 d5 2. c4 e6 3. Nf3 Nf6 4. g3 Bb4+ 5. Bd2 Be7 6. Bg2 O-O 7. O-O c6 8. Qc2 Nbd7 9. Rd1 b6 10.
Bf4 Bb7 11. Nc3 Rc8 12. e4 a5 13. Rac1 Ba6 14. b3 dxc4 15. Ne5 cxb3 16. axb3 Nxe5 17. Bxe5 Ba3 18. Rb1 Bb4 19. Qb2 Qe7 20. h3 Rfd8 21.
Kh2 Nd7 22. Bf4 Nf8 23. Na2 Bd6 24. Be3 e5 25. dxe5 Bxe5 26. Qc2 c5 27. Nc3 Bxc3 28. Qxc3 Bb7 29. Qc2 Ne6 30. f4 Nd4 31. Bxd4 cxd4 32.
Qe2 Rc3 33. Qf2 Bxe4 34. Re1 f5 35. Rbd1 d3 36. Qxb6 Rc2 37. Rg1 Rxg2+ 38. Rxg2 Bxg2 0-1

[Event "*** Titled Tuesday Blitz"]
[Site "Chess.com"]
[Date "2021.02.02"]
[Round "11"]
[White "rynos0411"]
[Black "korbul"]
[Result "0-1"]
[WhiteElo "2398"]
[BlackElo "2601"]
[TimeControl "180+1"]
[EndTime "12:06:20 PST"]
[Termination "korbul won on time"]

1. e4 c5 2. Nf3 e6 3. g3 Nc6 4. Bg2 Nf6 5. Qe2 Be7 6. c3 d5 7. e5 Nd7 8. d4 O-O 9. O-O b6 10. a4 a5 11. Rd1 Ba6 12. Qe3 cxd4 13. cxd4 Nb4 14. Na3 Rc8 15. Bd2 Nb8 16. Bc3 Qd7 17. b3 Rc7 18. Bf1 Rfc8 19. Bxa6 N8xa6 20. Nb5 Nc2 21. Qe2 Nxa1 22. Nxc7 Qxc7 23. Qxa6 Qxc3 24. Kg2 Nxb3 25.
Rd3 Qc4 26. Qb7 Nc1 27. Rd1 Bf8 28. Nd2 Qc7 29. Qa6 Na2 30. Nf3 Nb4 31. Qb5 Qc6 32.
Qe2 Qxa4 33. h4 Qc2 34. Rd2 Qe4 35. Qd1 Rc2 0-1

[Event "*** Titled Tuesday Blitz"]
[Site "Chess.com"]
[Date "2021.02.02"]
[Round "11"]
[White "DamianoLew95"]
[Black "IMJonathanCarlstedt"]
[Result "0-1"]
[WhiteElo "2584"]
[BlackElo "2499"]
[TimeControl "180+1"]
[EndTime "12:06:21 PST"]
[Termination "IMJonathanCarlstedt won by resignation"]

1. e4 g6 2. d4 Bg7 3. f4 d6 4.
Nf3 a6 5. Be2 b5 6. O-O Bb7 7.
d5 Nf6 8. Nbd2 O-O 9. a4 bxa4 10.
Rxa4 c6 11. c4 Nbd7 12. Rb4 Qc7 13. b3 cxd5 14. Rxb7 Qxb7 15. exd5 Nc5 16. Qc2 a5 17. Ba3 Nfd7 18. f5 Rfb8 19. fxg6 hxg6 20. Ng5 Ne5 21. Nxf7 Nxf7 22. Qxg6 Ne5 23. Qh5 Qd7 24. Bxc5 dxc5 25.
Ne4 Qe8 26. Qh4 Rb6 27. Ng5 Rh6 28. Qg3 Qg6 29. h4 Rf8 30. Rxf8+ Kxf8 31. h5 Qf6 32. Ne6+ Kg8 33. Bd1 Qf7 34. Qg5 Rf6 35. Bc2 Rf1+ 36. Kh2 Qf6 37. Qg3 Kh8 38. Bg6 Bh6 39. Be4 Bf4 40.
Nxf4 Qxf4 0-1

[Event "*** Titled Tuesday Blitz"]
[Site "Chess.com"]
[Date "2021.02.02"]
[Round "11"]
[White "kakakz"]
[Black "Al_Shima"]
[Result "0-1"]
[WhiteElo "2423"]
[BlackElo "2308"]
[TimeControl "180+1"]
[EndTime "12:06:21 PST"]
[Termination "Al_Shima won by resignation"]

1. g3 e5 2. Bg2 d5 3. c4 d4 4. e3 Nc6 5. Nf3 Nf6 6. exd4 exd4 7. O-O Be7 8. d3 O-O 9. a3 a5 10. Bg5 h6 11. Bxf6 Bxf6 12. Nbd2 Bf5 13. Qc2 Re8 14. Rab1 Qd6 15. Rfe1 g5 16. c5 Qd7 17. b4 axb4 18. axb4 Rxe1+ 19. Nxe1 Ra3 20. b5 Ne5 21. Nc4 Nxc4 22.
Qxc4 c6 23. bxc6 bxc6 24. Qb4 Rc3 25. Qb6 Qe7 26. Bxc6 Rxc5 27. Bf3 Kg7 28. Kg2 Re5 29. Nc2 Bxd3 30. Rc1 Rc5 31. Qb2 Bxc2 32. Rxc2 d3 0-1

[Event "*** Titled Tuesday Blitz"]
[Site "Chess.com"]
[Date "2021.02.02"]
[Round "11"]
[White "Zq1"]
[Black "mbojan"]
[Result "1-0"]
[WhiteElo "2533"]
[BlackElo "2645"]
[TimeControl "180+1"]
[EndTime "12:06:23 PST"]
[Termination "Zq1 won by resignation"]

1. d4 g6 2. c4 Bg7 3. e4 d6 4.
Nc3 e5 5. d5 Nd7 6. h4 h5 7.
Nf3 Bh6 8. Ng5 Nf8 9. c5 dxc5 10. Bb5+ Bd7 11. Be3 Bxb5 12. Nxb5 a6 13. Nc3 f6 14. Ne6 Nxe6 15. dxe6 Bxe3 16. fxe3 Qxd1+ 17. Rxd1 Rd8 18. Rd5 b6 19. Ke2 Rh7 20. Rxd8+ Kxd8 21. Nd5 c6 22.
Nxb6 Ke7 23. Na4 Kxe6 24. Nxc5+ Kd6 25. b4 Ra7 26. Rd1+ Ke7 27. a4 Nh6 28. a5 Nf7 29.
Kf3 Nd6 30. g4 hxg4+ 31. Kxg4 Nf7 32. h5 Nh6+ 33. Kh4 g5+ 34. Kg3 Nf7 35. Rh1 Nh6 36. Rd1 Nf7 37. Na4 Rb7 38. Nb6 Rc7 39. Rc1 Nh6 40.
Nd5+ 1-0

[Event "*** Titled Tuesday Blitz"]
[Site "Chess.com"]
[Date "2021.02.02"]
[Round "11"]
[White "ElGasanov"]
[Black "Philosopherrr"]
[Result "0-1"]
[WhiteElo "2814"]
[BlackElo "2619"]
[TimeControl "180+1"]
[EndTime "12:06:25 PST"]
[Termination "Philosopherrr won by resignation"]

1. d4 Nf6 2. c4 e6 3. Nc3 c5 4. d5 exd5 5. cxd5 d6 6. Nf3 g6 7. Bg5 h6 8. Bh4 Bg7 9. e3 O-O 10. Nd2 Nbd7 11. Be2 a6 12. O-O Qe7 13. a4 Rb8 14.
Qc2 Ne5 15. Rfe1 g5 16. Bg3 g4 17. Nc4 Nxc4 18. Bxc4 Nh5 19. Ne2 Nxg3 20. Nxg3 Be5 21. Nf5 Qg5 22. Bd3 b5 23. axb5 axb5 24. Ra7 c4 25. Ne7+ Kh8 26. Bf5 Bxf5 27. Nxf5 b4 28. e4 c3 29. b3 Ra8 30. Rea1 Rxa7 31. Rxa7 Qd2 32. Ne3 Bd4 33. Ra2 Bxe3 0-1

[Event "*** Titled Tuesday Blitz"]
[Site "Chess.com"]
[Date "2021.02.02"]
[Round "11"]
[White "guillembaches"]
[Black "Mbneu"]
[Result "0-1"]
[WhiteElo "2437"]
[BlackElo "2310"]
[TimeControl "180+1"]
[EndTime "12:06:25 PST"]
[Termination "Mbneu won by resignation"]

1. e4 c5 2. Nf3 Nf6 3. e5 Nd5 4.
Nc3 Nxc3 5. dxc3 Nc6 6. Bf4 Qb6 7. b3 Qc7 8. h4 h6 9. Bc4 e6 10. O-O g5 11. Bg3 g4 12. Nh2 Nxe5 13. Nxg4 Bg7 14. Re1 d6 15. Nxe5 dxe5 16. Qg4 Bf6 17. Rad1 Bd7 18. f4 O-O-O 19. fxe5 Rhg8 20. Qf4 Be7 21. Kh2 Bc6 22. Qxf7 Rxg3 23. Bxe6+ Kb8 24. Rxd8+ Qxd8 25. Bh3 Bxh4 26. Rf1 Rg8 27. e6 Be7 28. Rf2 Rf8 29. Qh7 Rxf2 30. Qe4 Qd6+ 0-1

[Event "*** Titled Tuesday Blitz"]
[Site "Chess.com"]
[Date "2021.02.02"]
[Round "11"]
[White "novocane"]
[Black "PavelChernomordik"]
[Result "0-1"]
[WhiteElo "2265"]
[BlackElo "2378"]
[TimeControl "180+1"]
[EndTime "12:06:25 PST"]
[Termination "PavelChernomordik won by resignation"]

1. d4 g6 2. e4 Bg7 3. Be3 c5 4. Ne2 Nf6 5. f3 cxd4 6. Nxd4 Nc6 7.
Nd2 Ng4 8. fxg4 Nxd4 9. c3 Nc6 10. Bc4 d6 11. O-O O-O 12. h3 Ne5 13. Bb3 b5 14.
Nf3 Nc4 15. Bd4 Nxb2 16. Qe2 Nc4 17. Bxg7 Kxg7 18. Bxc4 bxc4 19. Qxc4 Qb6+ 20. Qd4+ f6 21. Rab1 Qa5 22. Rf2 Be6 23. Qe3 Rac8 24. Rc1 Rc4 25. Nd4 Bd7 26. Nb3 Qe5 27. Nd4 Rfc8 28. Nf3 Qc5 29.
Qxc5 R8xc5 30. Rfc2 Rxe4 31. Rb2 Bc6 32. Nd4 Rxd4 33.
cxd4 Rxc1+ 34. Kf2 0-1

[Event "*** Titled Tuesday Blitz"]
[Site "Chess.com"]
[Date "2021.02.02"]
[Round "11"]
[White "imdvb6307"]
[Black "Zmof"]
[Result "0-1"]
[WhiteElo "2367"]
[BlackElo "2157"]
[TimeControl "180+1"]
[EndTime "12:06:26 PST"]
[Termination "Zmof won by resignation"]

1. c4 f5 2. Nf3 Nf6 3. g3 g6 4.
Bg2 Bg7 5. O-O O-O 6. d3 d6 7.
Nc3 Nc6 8. Rb1 a5 9. a3 Nh5 10.
e3 e5 11. Nd5 a4 12. Nc3 f4 13. Nxa4 Bg4 14. h3 Bxf3 15. Bxf3 fxg3 16. Bd5+ Kh8 17. f4 exf4 18. exf4 Qh4 19. Kg2 Nxf4+ 20. Bxf4 Rxf4 21. Nc3 Raf8 22. Rxf4 Rxf4 23. Ne4 Be5 24. Bxc6 bxc6 25.
Qb3 Rxe4 26. Qb8+ Kg7 27. Qxc7+ Kh6 28. Qxc6 Re2+ 29. Kf1 Rf2+ 30. Kg1 Qxh3 31. Qh1 Rh2 32. Qf3 Bd4+ 0-1

[Event "*** Titled Tuesday Blitz"]
[Site "Chess.com"]
[Date "2021.02.02"]
[Round "11"]
[White "Kretov_Evgenij"]
[Black "MF1966Idrisov"]
[Result "1/2-1/2"]
[WhiteElo "2535"]
[BlackElo "2392"]
[TimeControl "180+1"]
[EndTime "12:06:27 PST"]
[Termination "Game drawn by repetition"]

1. d4 d6 2. Nf3 f5 3. Nc3 Nf6 4. Bg5 e6 5. e4 fxe4 6. Nxe4 Be7 7. Bxf6 Bxf6 8. Bd3 O-O 9. h4 h6 10. c3 Nc6 11.
Qe2 e5 12. d5 Ne7 13. O-O-O Ng6 14. g3 Bg4 15. Ned2 Ne7 16. Be4 Nf5 17. Qd3 Qd7 18.
Rde1 a6 19. Nh2 Ne7 20. f3 Bf5 21. h5 b5 22. g4 Bxe4 23. Nxe4 Kh8 24. g5 Bxg5+ 25.
Nxg5 hxg5 26. Rhg1 Qf5 27. Qd2 Qf4 28. Rxg5 Qxd2+ 29. Kxd2 Rf5 30. Rxf5 Nxf5 31. Ng4 Nh4 32. Ke2 Rf8 33. Rh1 Nxf3 34. Rf1 e4 35. Nh2 Kh7 36. Nxf3 Rxf3 37. Rxf3 exf3+ 38. Kxf3 Kh6 39. Kg4 g6 40. hxg6 Kxg6 41. b3 Kf6 42. Kf4 Kg6 43. a4 bxa4 44. bxa4 Kf6 45. a5 Kg6 46. Kg4 Kf6 47. Kf4 Kg6 48.
Kg4 Kf6 49. Kf4 1/2-1/2

[Event "*** Titled Tuesday Blitz"]
[Site "Chess.com"]
[Date "2021.02.02"]
[Round "11"]
[White "Coiote53"]
[Black "The_filthy"]
[Result "0-1"]
[WhiteElo "2345"]
[BlackElo "2246"]
[TimeControl "180+1"]
[EndTime "12:06:28 PST"]
[Termination "The_filthy won by resignation"]

1. e4 e6 2. d4 d5 3. Nc3 Nf6 4. e5 Nfd7 5. f4 c5 6. Nf3 Nc6 7. Be3 Be7 8. Qd2 O-O 9. Be2 cxd4 10. Nxd4 Nxd4 11. Bxd4 f6 12. O-O f5 13. Kh1 Nc5 14. Bf3 Ne4 15. Bxe4 fxe4 16. Ne2 Bd7 17. Rad1 Bb5 18. b3 Rc8 19. c3 Qa5 20. a4 Bd3 21.
Rf2 b5 22. axb5 Qxb5 23. b4 a5 24. bxa5 Qxa5 25. Nc1 Bc4 26. g4 Rf7 27. f5 Qa6 28. f6 gxf6 29. exf6 Bc5 30. Bxc5 Rxc5 31. g5 d4 32.
cxd4 Rf5 33. Rxf5 exf5 34. Rg1 e3 35. Qg2 Qe6 36. Qa8+ Rf8 37. Qa7 Bd5+ 38. Rg2 Qf7 39. Qc5 f4 40. Kg1 Bxg2 41. Kxg2 Qg6 42. Qd5+ Kh8 43.
Qb7 Qxg5+ 44. Kf3 Qxf6 45. Ne2 Qh6 46. Qe7 Qh5+ 47. Ke4 Re8 0-1

[Event "*** Titled Tuesday Blitz"]
[Site "Chess.com"]
[Date "2021.02.02"]
[Round "11"]
[White "PawnEatingZombie"]
[Black "Fortitudine"]
[Result "0-1"]
[WhiteElo "2227"]
[BlackElo "2333"]
[TimeControl "180+1"]
[EndTime "12:06:28 PST"]
[Termination "Fortitudine won by resignation"]

1. d4 Nf6 2. c4 c5 3. d5 b5 4. cxb5 a6 5. e3 g6 6. Nc3 Bg7 7. a4 O-O 8. Nf3 d6 9. Ra3 Bb7 10. e4 e6 11. Be2 exd5 12. exd5 Re8 13. O-O Ne4 14. Nxe4 Rxe4 15. bxa6 Nxa6 16. Bb5 Nb4 17. Ng5 Rd4 18. Qf3 Qf6 19. Ne4 Qxf3 20. gxf3 Rxd5 21. Bf4 Rd4 22. Bxd6 Bxe4 23. Bxc5 Bf5 24. Bxd4 Bxd4 25. Rd1 Bf6 26. a5 Nc2 27. Ra4 Bxb2 28. Bc6 Ra7 29. a6 Kg7 30. Bb7 Bf6 31. Rc1 Nd4 32.
Rac4 Ne2+ 33. Kf1 Nxc1 34. Rxc1 Bd3+ 35. Ke1 Bxa6 0-1

[Event "*** Titled Tuesday Blitz"]
[Site "Chess.com"]
[Date "2021.02.02"]
[Round "11"]
[White "Szparu"]
[Black "GadimbayliA"]
[Result "1-0"]
[WhiteElo "2700"]
[BlackElo "2871"]
[TimeControl "180+1"]
[EndTime "12:06:30 PST"]
[Termination "Szparu won on time"]

1. d4 d5 2. c4 e5 3. dxe5 d4 4. Nf3 Nc6 5. a3 Nge7 6. b4 Ng6 7. Bb2 a5 8. b5 Ncxe5 9. Nxe5 Nxe5 10. Bxd4 Nxc4 11.
e3 Be6 12. Be2 Bd6 13. Nc3 Nxa3 14. O-O O-O 15. Qa4 Qe7 16. Ne4 Bb4 17. Rfc1 c6 18. bxc6 bxc6 19. Bc5 Bxc5 20. Nxc5 Nb5 21. Nxe6 fxe6 22. Rxc6 Nd6 23. Qa3 Qf6 24. Bf3 Nb5 25. Qa2 Nc3 26. Qxe6+ Qxe6 27. Rxe6 Ra7 28. Rc6 Nb5 29.
Rc5 Nd6 30. Rcxa5 1-0

[Event "*** Titled Tuesday Blitz"]
[Site "Chess.com"]
[Date "2021.02.02"]
[Round "11"]
[White "elohunter1999"]
[Black "ozates"]
[Result "0-1"]
[WhiteElo "2665"]
[BlackElo "2525"]
[TimeControl "180+1"]
[EndTime "12:06:31 PST"]
[Termination "ozates won by checkmate"]

1. d4 d5 2. c4 c6 3. Nc3 Nf6 4. e3 e6 5. Nf3 Nbd7 6. Qc2 b6 7. b3 Bb7 8. Be2 Bd6 9. O-O O-O 10. Bb2 Qe7 11.
Rad1 Rfe8 12. Rfe1 Rad8 13. Bf1 e5 14. cxd5 e4 15.
Ne5 Nxe5 16. dxe5 Qxe5 17. g3 Qh5 18. dxc6 Bxc6 19. Ne2 Ng4 20. h3 Nxf2 21. Kxf2 Qf3+ 22. Kg1 Qxe3+ 23. Kh1 Ba8 24. Qc3 Qh6 25. Kh2 Re6 26. Nf4 Rf6 27. Bc1 g5 28. Nd5 Rf3 29. Re3 Bxg3+ 30.
Kg1 Bf2+ 31. Kg2 Qxh3# 0-1

[Event "*** Titled Tuesday Blitz"]
[Site "Chess.com"]
[Date "2021.02.02"]
[Round "11"]
[White "vinniethepooh"]
[Black "arctic_t00"]
[Result "1-0"]
[WhiteElo "2718"]
[BlackElo "2536"]
[TimeControl "180+1"]
[EndTime "12:06:31 PST"]
[Termination "vinniethepooh won on time"]

1. d4 Nf6 2. c4 g6 3. Nc3 Bg7 4. e4 d6 5. Be2 O-O 6. Be3 c5 7. dxc5 Qa5 8. Bd2 Qxc5 9. Nf3 Bg4 10. Be3 Qa5 11. O-O Nc6 12. a3 Rfc8 13. Rc1 Bxf3 14. Bxf3 Ne5 15. b3 Nxf3+ 16. Qxf3 Qxa3 17. e5 dxe5 18. Nb5 Qxb3 19. Nxa7 Rxc4 20. Rb1 e4 21. Qg3 Qa4 22.
Rxb7 h6 23. Qe5 Ng4 24. Qxe7 Qe8 25. Qh4 Nxe3 26. fxe3 Ra4 27. Nb5 Rb4 28. Nd6 Qa4 29. Rbxf7 1-0

[Event "*** Titled Tuesday Blitz"]
[Site "Chess.com"]
[Date "2021.02.02"]
[Round "11"]
[White "esrosenberg"]
[Black "JoachimMouhamad"]
[Result "1-0"]
[WhiteElo "2189"]
[BlackElo "2279"]
[TimeControl "180+1"]
[EndTime "12:06:31 PST"]
[Termination "esrosenberg won by resignation"]

1. Nf3 d5 2. c4 d4 3. e3 c5 4. b4 b6 5. Bb2 dxe3 6. fxe3 e6 7. d4 cxd4 8. exd4 Bxb4+ 9. Nbd2 Be7 10. Bd3 Nf6 11. O-O O-O 12. Ne5 Bb7 13. Ndf3 Nbd7 14. Ng5 Rc8 15. Nxd7 Qxd7 16. Rxf6 Bxf6 17. Bxh7+ Kh8 18.
d5 Bxg5 19. Qh5 f6 20. dxe6 Qxe6 21. Bf5+ Bh6 22. Bxe6 Rce8 23. Bf5 Be4 24. Bxe4 Rxe4 25. h3 Rd8 26. Rf1 Rd2 27. Bxf6 Ree2 28. Qxh6+ 1-0

[Event "*** Titled Tuesday Blitz"]
[Site "Chess.com"]
[Date "2021.02.02"]
[Round "11"]
[White "NateSolon"]
[Black "gumimis"]
[Result "1-0"]
[WhiteElo "2503"]
[BlackElo "2320"]
[TimeControl "180+1"]
[EndTime "12:06:32 PST"]
[Termination "NateSolon won on time"]

1. d4 Nf6 2. c4 g6 3. Nc3 Bg7 4.
e4 O-O 5. Nf3 d6 6. Be2 Na6 7.
Be3 e5 8. O-O Re8 9. d5 Ng4 10.
Bg5 Bf6 11. Bd2 Bg7 12. Rb1 f5 13. Ng5 Nf6 14. b4 fxe4 15. Ngxe4 Nxe4 16. Nxe4 Bf5 17. f3 Rf8 18. Qb3 Qe7 19. c5 Nb8 20. Rbc1 Nd7 21.
cxd6 cxd6 22. Rc7 Bxe4 23. fxe4 Rxf1+ 24. Bxf1 Rf8 25. Qh3 Qf6 26. Qe6+ Qxe6 27. dxe6 Nf6 28. e7 Rb8 29. Bc4+ Kh8 30. Bf7 h6 31. Bxg6 Kg8 32. b5 d5 33. exd5 Nxd5 34. Rxb7 Rxb7 35. e8=Q+ Bf8 36. Qe6+ Kh8 37. Qxd5 1-0

[Event "*** Titled Tuesday Blitz"]
[Site "Chess.com"]
[Date "2021.02.02"]
[Round "11"]
[White "Aygehovit1992"]
[Black "J36225"]
[Result "0-1"]
[WhiteElo "2609"]
[BlackElo "2476"]
[TimeControl "180+1"]
[EndTime "12:06:33 PST"]
[Termination "J36225 won by resignation"]

1. c4 Nf6 2. Nc3 g6 3. Nf3 Bg7 4. e4 d6 5. d4 O-O 6. Be2 e5 7. O-O Nc6 8. d5 Ne7 9. Kh1 Ne8 10. a4 h6 11. Ra3 f5 12. exf5 gxf5 13. Nh4 Nf6 14. f4 e4 15. Qe1 Ng4 16. Nd1 h5 17. Rh3 Bf6 18. g3 c6 19. dxc6 bxc6 20. Ng2 Qe8 21.
Nde3 Be6 22. b3 d5 23. cxd5 cxd5 24. Bb5 Qf7 25. Ba3 a6 26. Be2 d4 27. Nc4 d3 28. Nd6 Qg6 29. Bd1 Nd5 30. Nc4 Rfd8 31. Ne5 Bxe5 32. fxe5 e3 33. Bd6 Rac8 34. Nh4 Qh7 35.
Nf3 Rc1 36. Ng5 Qg6 37. Nxe6 Qxe6 38. Qa5 Rxd6 39. exd6 Qe4+ 40. Kg1 Rxd1 41. Qd8+ Kf7 42. Qd7+ Kg6 43. Rxd1 e2 44. Re1 Qe3+ 45. Kh1 Qf3+ 0-1

[Event "*** Titled Tuesday Blitz"]
[Site "Chess.com"]
[Date "2021.02.02"]
[Round "11"]
[White "boasovietica"]
[Black "pavelalexandru07"]
[Result "1-0"]
[WhiteElo "2487"]
[BlackElo "2316"]
[TimeControl "180+1"]
[EndTime "12:06:34 PST"]
[Termination "boasovietica won by resignation"]

1. e4 c5 2. Nf3 d6 3. d4 cxd4 4. Nxd4 Nf6 5. Nc3 a6 6. Bg5 Nbd7 7. Bc4 Qb6 8. Bb3 e6 9. Qd2 Nc5 10. Bxf6 gxf6 11. O-O-O h5 12. Kb1 Bd7 13. f4 Qc7 14. f5 b5 15. fxe6 fxe6 16. Qf4 Be7 17. Qf3 O-O-O 18.
Nce2 Qb7 19. Nf4 Nxb3 20. cxb3 e5 21. Nd5 Bg4 22. Qc3+ Kd7 23. Nf5 Bxf5 24. exf5 Rc8 25. Qf3 Qc6 26. Rc1 Qa8 27. Rxc8 Qxc8 28. Nb6+ 1-0

[Event "*** Titled Tuesday Blitz"]
[Site "Chess.com"]
[Date "2021.02.02"]
[Round "11"]
[White "zurzan"]
[Black "AntonovaNadezhda"]
[Result "0-1"]
[WhiteElo "2025"]
[BlackElo "2147"]
[TimeControl "180+1"]
[EndTime "12:06:36 PST"]
[Termination "AntonovaNadezhda won on time"]

1. f4 d5 2. Nf3 Nf6 3. g3 Bf5 4.
Bg2 e6 5. O-O h6 6. d3 Be7 7. c3 O-O 8. Qe1 Bh7 9. Nbd2 c5 10.
h3 Nc6 11. e4 dxe4 12. dxe4 Qd3 13. e5 Nd5 14. Nb3 a5 15. a4 Rad8 16. Rf2 Qa6 17.
Bf1 Qa8 18. Kh2 Rd7 19. Nfd2 Rfd8 20. Nc4 Qa7 21. Ne3 b6 22. Bb5 Qb7 23. Nd2 Nc7 24. Ndc4 Nxb5 25. axb5 Na7 26. f5 exf5 27. Nxf5 Bxf5 28.
Rxf5 Rd1 29. Nd6 Rxe1 30. Nxb7 Rdd1 31. b4 cxb4 32. cxb4 Bxb4 33. Nd6 Re2+ 0-1

[Event "*** Titled Tuesday Blitz"]
[Site "Chess.com"]
[Date "2021.02.02"]
[Round "11"]
[White "Evgeny81"]
[Black "doons21"]
[Result "1-0"]
[WhiteElo "2734"]
[BlackElo "2549"]
[TimeControl "180+1"]
[EndTime "12:06:37 PST"]
[Termination "Evgeny81 won by checkmate"]

1. e4 e6 2. d4 d5 3. Nc3 Bb4 4. e5 Ne7 5. a3 Bxc3+ 6. bxc3 c5 7. Qg4 Kf8 8. h4 Qa5 9. Bd2 Qa4 10. Nf3 b6 11. h5 h6 12. Ra2 Nbc6 13. Bd3 Ba6 14. O-O Bxd3 15. cxd3 c4 16. dxc4 Qxc4 17. Rb2 Nf5 18. Qf4 Qd3 19. g4 Nfe7 20. Re1 Na5 21. Re3 Qa6 22. Re1 Qd3 23. Ra2 Nc4 24. Kg2 Ke8 25.
a4 Kd7 26. Bc1 Raf8 27. Be3 f6 28. exf6 Rxf6 29. Ne5+ Nxe5 30. Qxe5 Nc6 31. Qg3 Rhf8 32. Rd2 Qe4+ 33. Kg1 Rf3 34. Qg2 Na5 35. Rde2 Qd3 36.
Bxh6 gxh6 37. Rxe6 Rxf2 38. Qxd5+ Kc8 39. Re8+ Rxe8 40.
Rxe8+ Kc7 41. Re7+ Kc8 42. Qa8# 1-0

[Event "*** Titled Tuesday Blitz"]
[Site "Chess.com"]
[Date "2021.02.02"]
[Round "11"]
[White "Taran2004"]
[Black "HouseOfDurin"]
[Result "1-0"]
[WhiteElo "2168"]
[BlackElo "2092"]
[TimeControl "180+1"]
[EndTime "12:06:37 PST"]
[Termination "Taran2004 won on time"]

1. Nf3 c5 2. g3 Nc6 3. Bg2 g6 4. O-O Bg7 5. c4 e5 6. Nc3 Nge7 7. d3 O-O 8. a3 a5 9. Qc2 d6 10. b3 h6 11. Bb2 Be6 12. Nd2 Nd4 13. Qd1 d5 14. e3 Ndc6 15. Qc2 d4 16. Nce4 b6 17. exd4 Nxd4 18. Bxd4 Qxd4 19. Nf3 Qd7 20. Rad1 Rad8 21. Nc3 Nc6 22. Rfe1 f5 23. Nd5 Bxd5 24. cxd5 Nd4 25.
Nxd4 exd4 26. Re6 f4 27. Be4 g5 28. Qe2 Rf6 29. Rxf6 Bxf6 30. Qh5 Qg7 31. Re1 Be5 32. Bf5 Rf8 33. Be6+ Kh7 34. Qe2 Bd6 35. b4 axb4 36.
axb4 f3 37. Qa2 Qg6 38. Re4 h5 39. Qa7+ Kh6 40. Qxb6 1-0

[Event "*** Titled Tuesday Blitz"]
[Site "Chess.com"]
[Date "2021.02.02"]
[Round "11"]
[White "OK97"]
[Black "MPGM"]
[Result "0-1"]
[WhiteElo "2762"]
[BlackElo "2618"]
[TimeControl "180+1"]
[EndTime "12:06:38 PST"]
[Termination "MPGM won by resignation"]

1. d4 d5 2. c4 e6 3. Nc3 c5 4. cxd5 exd5 5. Nf3 Nf6 6. Bg5 Be6 7. e3 c4 8. Be2 Bb4 9. O-O O-O 10. Ne5 Qa5 11.
Bxf6 gxf6 12. Ng4 Kg7 13. f4 f5 14. Ne5 Nd7 15. Nxd7 Bxd7 16. Qe1 Rae8 17. Rf3 Re6 18. Rh3 Rfe8 19. Qh4 h6 20. Rg3+ Rg6 21. Bh5 Rxg3 22. Qxg3+ Kf8 23. Nd1 Be1 24. Qf3 Ba4 25. b3 Bc6 26.
Qe2 cxb3 27. Nf2 Bd2 28. Rd1 Rxe3 29. Qf1 bxa2 30. Ra1 Bc3 31. Bxf7 Bxa1 32. Ng4 Re1 0-1

[Event "*** Titled Tuesday Blitz"]
[Site "Chess.com"]
[Date "2021.02.02"]
[Round "11"]
[White "Grineva_Marianna"]
[Black "isla88"]
[Result "0-1"]
[WhiteElo "2226"]
[BlackElo "2305"]
[TimeControl "180+1"]
[EndTime "12:06:38 PST"]
[Termination "isla88 won by checkmate"]

1. e4 d6 2. d4 Nf6 3. Nc3 e5 4. Nf3 Nbd7 5. g4 Nxg4 6. Rg1 Ngf6 7. Bc4 h6 8. Be3 c6 9. a4 Qa5 10. Qd2 b5 11. dxe5 Nxe5 12. Nxe5 dxe5 13. Bd3 Be6 14.
f3 g6 15. Kf2 b4 16. Ne2 Rd8 17. Ng3 Bc5 18. b3 Bd4 19. Bxd4 Rxd4 20. Qe3 Qc5 21. Ne2 g5 22. Nxd4 exd4 23. Qe2 Nh5 24. Qd2 Nf4 25.
Rge1 a5 26. Kg1 Qe5 27. Kh1 Bh3 28. Rg1 Rg8 29. Rg3 h5 30. Bf1 Be6 31. Ba6 h4 32. Rgg1 g4 33. Rae1 g3 34. Re2 Bh3 35. hxg3 hxg3 36.
Bb7 Rh8 37. Bxc6+ Ke7 38. Rxg3 Bg2+ 39. Kg1 Rh1+ 40. Kf2 Rf1# 0-1